| TOP OF THE 1ST |
|
Connecticut Tigers batting - Pitching for Los Angeles (NYP) Angels : RHP Cal Abbott
|
|
Pitching: RHP Cal Abbott
|
|
|
Batting: LHB Jeff Trapp
|
0-0: SINGLE (Groundball, 5S, EV 75.6 MPH) (infield hit)
|
|
Batting: SHB Adam Weber
|
0-0: Ball 1-0: Foul Ball, location: 2F 1-1: Ball Passed Ball! Jeff Trapp to second 2-1: Ground out U3 (Groundball, 3L, EV 96.9 MPH) Jeff Trapp to third
|
|
Batting: RHB Eric Angelle
|
0-0: Fly out, F5 (Line Drive, 5, EV 70.6 MPH)
|
|
Batting: SHB Sean Foley
|
0-0: Fly out, F4 (Line Drive, 4, EV 66.3 MPH)
|
| Top of the 1st over - 0 runs, 1 hit, 0 errors, 1 left on base; Connecticut 0 - Los Angeles (NYP) 0 |
| BOTTOM OF THE 1ST |
|
Los Angeles (NYP) Angels batting - Pitching for Connecticut Tigers : RHP Matt Sturge
|
|
Pitching: RHP Matt Sturge
|
|
|
Batting: RHB Randy Grewe
|
0-0: Ball 1-0: Ball 2-0: Fly out, F7 (Flyball, 7LS, EV 84.4 MPH)
|
|
Batting: RHB Jeff Long
|
0-0: Ball 1-0: Foul Ball, location: 2F 1-1: Called Strike 1-2: Fly out, F5 (Line Drive, 5, EV 69.4 MPH)
|
|
Batting: RHB Jon Griffin
|
0-0: Called Strike 0-1: Called Strike 0-2: Strikes out looking
|
| Bottom of the 1st over - 0 runs, 0 hits, 0 errors, 0 left on base; Connecticut 0 - Los Angeles (NYP) 0 |
| TOP OF THE 2ND |
|
Connecticut Tigers batting - Pitching for Los Angeles (NYP) Angels : RHP Cal Abbott
|
|
Batting: RHB Tanner Purchase
|
0-0: Ball 1-0: Fly out, F8 (Flyball, 8LD, EV 80.6 MPH)
|
|
Batting: RHB Brandon O'Malley
|
0-0: Called Strike 0-1: Ball 1-1: Foul Ball, location: 2F 1-2: Ball 2-2: Strikes out swinging
|
|
Batting: RHB Billy Verdusco
|
0-0: Foul Ball, location: 2F 0-1: Ball 1-1: DOUBLE (Flyball, 89XD, EV 91.3 MPH)
|
|
Batting: RHB Mike Sebastian
|
0-0: Ball 1-0: Fly out, F7 (Flyball, 78M, EV 74.4 MPH)
|
| Top of the 2nd over - 0 runs, 1 hit, 0 errors, 1 left on base; Connecticut 0 - Los Angeles (NYP) 0 |
| BOTTOM OF THE 2ND |
|
Los Angeles (NYP) Angels batting - Pitching for Connecticut Tigers : RHP Matt Sturge
|
|
Batting: SHB Conor Davies
|
0-0: Ball 1-0: Ball 2-0: Ball 3-0: Base on Balls
|
|
Batting: RHB John Beddow
|
0-0: Foul Ball, location: 2F 0-1: Ground out 5-3 (Groundball, 5L, EV 82.5 MPH) Conor Davies to second
|
|
Batting: RHB Tsega Haida
|
0-0: Foul Ball, location: 2F 0-1: Swinging Strike 0-2: Ball 1-2: Foul Ball, location: 2F 1-2: Foul Ball, location: 2F 1-2: Strikes out swinging
|
|
Batting: RHB Steve Hughey
|
0-0: Ball 1-0: Swinging Strike 1-1: SINGLE (Line Drive, 4MD, EV 93.8 MPH) Conor Davies to third Runner from 3rd tries for Home, SAFE, throw by CF to home
|
|
Batting: RHB Jason Habeck
|
0-0: Ground out 5-3 (Groundball, 56, EV 105.6 MPH)
|
| Bottom of the 2nd over - 1 run, 1 hit, 0 errors, 1 left on base; Connecticut 0 - Los Angeles (NYP) 1 |
| TOP OF THE 3RD |
|
Connecticut Tigers batting - Pitching for Los Angeles (NYP) Angels : RHP Cal Abbott
|
|
Batting: RHB Brian Singer
|
0-0: Ground out U3 (Groundball, 13, EV 83.1 MPH)
|
|
Batting: LHB Jeff Trapp
|
0-0: Ball 1-0: Called Strike 1-1: Ball 2-1: Foul Ball, location: 2F 2-2: TRIPLE (Flyball, 78XD, EV 108.1 MPH)
|
|
Batting: SHB Adam Weber
|
0-0: Ball 1-0: Ground out 5-3 (Groundball, 56S, EV 82.5 MPH) Jeff Trapp scores
|
|
Batting: RHB Eric Angelle
|
0-0: Called Strike 0-1: Ball 1-1: Ball 2-1: DOUBLE (Line Drive, 9LM, EV 95.0 MPH)
|
|
Batting: SHB Sean Foley
|
0-0: Ball 1-0: Called Strike 1-1: Foul Ball, location: 2F 1-2: Ball 2-2: Ground out U3 (Groundball, 34S, EV 83.8 MPH)
|
| Top of the 3rd over - 1 run, 2 hits, 0 errors, 1 left on base; Connecticut 1 - Los Angeles (NYP) 1 |
| BOTTOM OF THE 3RD |
|
Los Angeles (NYP) Angels batting - Pitching for Connecticut Tigers : RHP Matt Sturge
|
|
Batting: RHB Zach Robbins
|
0-0: Called Strike 0-1: Ball 1-1: Ground out 6-3 (Groundball, 6, EV 88.1 MPH)
|
|
Batting: RHB Randy Grewe
|
0-0: Ball 1-0: Ball 2-0: Called Strike 2-1: Ground out 4-3 (Groundball, 4S, EV 82.5 MPH)
|
|
Batting: RHB Jeff Long
|
0-0: Called Strike 0-1: Fly out, F9 (Flyball, 9S, EV 81.9 MPH)
|
| Bottom of the 3rd over - 0 runs, 0 hits, 0 errors, 0 left on base; Connecticut 1 - Los Angeles (NYP) 1 |
| TOP OF THE 4TH |
|
Connecticut Tigers batting - Pitching for Los Angeles (NYP) Angels : RHP Cal Abbott
|
|
Batting: RHB Tanner Purchase
|
0-0: TRIPLE (Line Drive, 78XD, EV 110.0 MPH)
|
|
Batting: RHB Brandon O'Malley
|
0-0: Called Strike 0-1: Swinging Strike 0-2: Ball 1-2: Fly out, F8 (Line Drive, 8LM, EV 92.5 MPH) Runner from 3rd tags up, SCORES, no throw by CF
|
|
Batting: RHB Billy Verdusco
|
0-0: Swinging Strike 0-1: Called Strike 0-2: Fly out, F9 (Flyball, 9S, EV 80.6 MPH)
|
|
Batting: RHB Mike Sebastian
|
0-0: Foul Ball, location: 2F 0-1: Ground out 6-3 (Groundball, 6, EV 85.6 MPH)
|
| Top of the 4th over - 1 run, 1 hit, 0 errors, 0 left on base; Connecticut 2 - Los Angeles (NYP) 1 |
| BOTTOM OF THE 4TH |
|
Los Angeles (NYP) Angels batting - Pitching for Connecticut Tigers : RHP Matt Sturge
|
|
Batting: RHB Jon Griffin
|
0-0: Called Strike 0-1: Ground out 6-3 (Groundball, 6, EV 89.4 MPH)
|
|
Batting: SHB Conor Davies
|
0-0: Ball 1-0: Foul Ball, location: 2F 1-1: Ball 2-1: Ball 3-1: Base on Balls
|
|
Batting: RHB John Beddow
|
0-0: Called Strike 0-1: Ball 1-1: Ball 2-1: Foul Ball, location: 2F 2-2: Ball 3-2: DOUBLE (Line Drive, 8RXD, EV 106.3 MPH) Conor Davies to third
|
|
Batting: RHB Tsega Haida
|
0-0: Ball 1-0: Swinging Strike 1-1: Ball 2-1: Foul Ball, location: 2F 2-2: Strikes out swinging
|
|
Batting: RHB Steve Hughey
|
0-0: Called Strike 0-1: Fly out, F5 (Popup, 5, EV 75.0 MPH)
|
| Bottom of the 4th over - 0 runs, 1 hit, 0 errors, 2 left on base; Connecticut 2 - Los Angeles (NYP) 1 |
| TOP OF THE 5TH |
|
Connecticut Tigers batting - Pitching for Los Angeles (NYP) Angels : RHP Cal Abbott
|
|
Batting: RHB Brian Singer
|
0-0: Called Strike 0-1: Ball 1-1: Called Strike 1-2: Strikes out swinging
|
|
Batting: LHB Jeff Trapp
|
0-0: Called Strike 0-1: DOUBLE (Line Drive, 78D, EV 101.3 MPH)
|
|
Batting: SHB Adam Weber
|
0-0: Ball 1-0: Called Strike 1-1: Foul Ball, location: 2F 1-2: Ground out U3 (Groundball, 3, EV 91.9 MPH) Jeff Trapp to third
|
|
Batting: RHB Eric Angelle
|
0-0: Called Strike Balk! Jeff Trapp scores 0-1: Swinging Strike 0-2: Ball 1-2: SINGLE (Popup, 15S, EV 85.6 MPH)
|
|
Batting: SHB Sean Foley
|
0-0: Ball 1-0: Called Strike Eric Angelle steals 2nd base 1-1: Foul Ball, location: 2F 1-2: Ball Wild Pitch! Eric Angelle to third 2-2: DOUBLE (Flyball, 89D, EV 102.5 MPH) Eric Angelle scores
|
|
Batting: RHB Tanner Purchase
|
0-0: Ball 1-0: Ball 2-0: Ball 3-0: Base on Balls
|
|
Batting: RHB Brandon O'Malley
|
0-0: Ball 1-0: Ball 2-0: Swinging Strike 2-1: Swinging Strike 2-2: Ball 3-2: Fly out, F5 (Flyball, 5D, EV 87.5 MPH)
|
| Top of the 5th over - 2 runs, 3 hits, 0 errors, 2 left on base; Connecticut 4 - Los Angeles (NYP) 1 |
| BOTTOM OF THE 5TH |
|
Los Angeles (NYP) Angels batting - Pitching for Connecticut Tigers : RHP Matt Sturge
|
|
Batting: RHB Jason Habeck
|
0-0: Called Strike 0-1: Ball 1-1: Ball 2-1: Foul Ball, location: 2F 2-2: Fly out, F5 (Line Drive, 5, EV 69.4 MPH)
|
|
Batting: RHB Zach Robbins
|
0-0: Called Strike 0-1: Ball 1-1: Ball 2-1: Ball 3-1: Base on Balls
|
|
Batting: RHB Randy Grewe
|
0-0: Ball 1-0: Reached on error, E6 (Groundball, P, EV 87.5 MPH) Zach Robbins to second
|
|
Batting: RHB Jeff Long
|
0-0: Ball 1-0: SINGLE (Line Drive, 56, EV 100.0 MPH) Zach Robbins to third Randy Grewe to second Runner from 3rd tries for Home, SAFE, throw by LF to home
|
|
Batting: RHB Jon Griffin
|
0-0: Ball 1-0: Ball 2-0: Swinging Strike 2-1: SINGLE (Flyball, 34D, EV 93.1 MPH) Randy Grewe to third Jeff Long to second
|
|
Batting: SHB Conor Davies
|
0-0: Called Strike 0-1: Swinging Strike 0-2: Foul Ball, location: 2F 0-2: Fly out, F7 (Flyball, 7S, EV 93.8 MPH)
|
|
Batting: RHB John Beddow
|
0-0: Foul Ball, location: 2F 0-1: Ball 1-1: Called Strike 1-2: Strikes out swinging
|
| Bottom of the 5th over - 1 run, 2 hits, 1 error, 3 left on base; Connecticut 4 - Los Angeles (NYP) 2 |
| TOP OF THE 6TH |
|
Connecticut Tigers batting - Pitching for Los Angeles (NYP) Angels : RHP Cal Abbott
|
|
Pitching: LHP Alex Pulido
|
|
|
Batting: RHB Billy Verdusco
|
0-0: SINGLE (Groundball, 56D, EV 108.1 MPH)
|
|
Batting: RHB Mike Sebastian
|
0-0: Ball 1-0: Called Strike Billy Verdusco steals 2nd base 1-1: Foul Ball, location: 2F 1-2: Strikes out swinging
|
|
Batting: RHB Brian Singer
|
0-0: Reached via error on a dropped throw from 3B, E3 (Groundball, 56S, EV 75.0 MPH) Billy Verdusco to third
|
|
Batting: LHB Jeff Trapp
|
0-0: Ball 1-0: Called Strike 1-1: Ball 2-1: Called Strike 2-2: Strikes out looking
|
|
Batting: SHB Adam Weber
|
0-0: Called Strike 0-1: Called Strike 0-2: Ball 1-2: Foul Ball, location: 2F 1-2: Fielders Choice at 2nd, 6-4 (Groundball, 6, EV 79.4 MPH)
|
| Top of the 6th over - 0 runs, 1 hit, 1 error, 2 left on base; Connecticut 4 - Los Angeles (NYP) 2 |
| BOTTOM OF THE 6TH |
|
Los Angeles (NYP) Angels batting - Pitching for Connecticut Tigers : RHP Matt Sturge
|
|
Pitching: RHP Vic Flores
|
|
|
Batting: RHB Tsega Haida
|
0-0: Fly out, F9 (Flyball, 89M, EV 88.8 MPH)
|
|
Batting: RHB Steve Hughey
|
0-0: Ground out 5-3 (Groundball, 56S, EV 81.3 MPH)
|
|
Batting: RHB Jason Habeck
|
0-0: Ball 1-0: Called Strike 1-1: Ball 2-1: Swinging Strike 2-2: Ball 3-2: Foul Ball, location: 2F 3-2: Foul Ball, location: 2F 3-2: Ground out 6-3 (Groundball, 6, EV 83.8 MPH)
|
| Bottom of the 6th over - 0 runs, 0 hits, 0 errors, 0 left on base; Connecticut 4 - Los Angeles (NYP) 2 |
| TOP OF THE 7TH |
|
Connecticut Tigers batting - Pitching for Los Angeles (NYP) Angels : LHP Alex Pulido
|
|
Pitching: RHP Kevin Greene
|
|
|
Batting: RHB Eric Angelle
|
0-0: Ball 1-0: Called Strike 1-1: Called Strike 1-2: Foul Ball, location: 2F 1-2: SINGLE (Groundball, 6S, EV 70.6 MPH) (infield hit)
|
|
Batting: SHB Sean Foley
|
0-0: Ball 1-0: Ball 2-0: Called Strike 2-1: Called Strike Eric Angelle steals 2nd base 2-2: Ball 3-2: Foul Ball, location: 2F 3-2: Fly out, F9 (Line Drive, 9, EV 103.1 MPH)
|
|
Batting: RHB Tanner Purchase
|
0-0: Ball 1-0: Foul Ball, location: 2F 1-1: Ball 2-1: SINGLE (Groundball, 6M, EV 83.8 MPH) (infield hit) Eric Angelle to third
|
|
Batting: RHB Brandon O'Malley
|
0-0: Ball Tanner Purchase steals 2nd base 1-0: SINGLE (Flyball, 6D, EV 94.4 MPH) Eric Angelle scores Tanner Purchase to third
|
|
Batting: RHB Billy Verdusco
|
0-0: Ball 1-0: Foul Ball, location: 2F 1-1: Called Strike 1-2: Fly out, F6 (Popup, 6MD, EV 46.3 MPH)
|
|
Batting: RHB Mike Sebastian
|
0-0: Foul Ball, location: 2F 0-1: Swinging Strike 0-2: Ball Brandon O'Malley steals 2nd base 1-2: Ball 2-2: Foul Ball, location: 2F 2-2: Foul Ball, location: 2F 2-2: Ball 3-2: Base on Balls
|
|
Batting: RHB Brian Singer
|
0-0: Ball 1-0: Called Strike 1-1: Called Strike 1-2: Ground out 4-3 (Groundball, 4, EV 85.6 MPH)
|
| Top of the 7th over - 1 run, 3 hits, 0 errors, 3 left on base; Connecticut 5 - Los Angeles (NYP) 2 |
| BOTTOM OF THE 7TH |
|
Los Angeles (NYP) Angels batting - Pitching for Connecticut Tigers : RHP Vic Flores
|
|
Batting: RHB Zach Robbins
|
0-0: Ground out 5-3 (Groundball, 5, EV 78.8 MPH)
|
|
Batting: RHB Randy Grewe
|
0-0: Called Strike 0-1: SINGLE (Groundball, 6MD, EV 95.0 MPH)
|
|
Batting: RHB Jeff Long
|
0-0: Called Strike 0-1: Called Strike Randy Grewe steals 2nd base 0-2: Ball 1-2: Ground out 4-3 (Groundball, 4M, EV 92.5 MPH) Randy Grewe to third
|
|
Batting: RHB Jon Griffin
|
0-0: Called Strike 0-1: Ground out 5-3 (Groundball, 56, EV 87.5 MPH)
|
| Bottom of the 7th over - 0 runs, 1 hit, 0 errors, 1 left on base; Connecticut 5 - Los Angeles (NYP) 2 |
| TOP OF THE 8TH |
|
Connecticut Tigers batting - Pitching for Los Angeles (NYP) Angels : RHP Kevin Greene
|
|
Pitching: RHP Pete Warren
|
|
|
Now at 2B: Jeff Long
|
|
|
Now at SS: Steve Hasson
|
|
|
Batting: LHB Jeff Trapp
|
0-0: Bunt for hit to P - play at first, batter OUT! 1-3
|
|
Batting: SHB Adam Weber
|
0-0: Called Strike 0-1: Foul Ball, location: 2F 0-2: Ball 1-2: Ball 2-2: Fly out, F8 (Flyball, 8RD, EV 90.0 MPH)
|
|
Batting: RHB Eric Angelle
|
0-0: Called Strike 0-1: Swinging Strike 0-2: Ball 1-2: Foul Ball, location: 2F 1-2: Ball 2-2: Fly out, F7 (Flyball, 7S, EV 76.9 MPH)
|
| Top of the 8th over - 0 runs, 0 hits, 0 errors, 0 left on base; Connecticut 5 - Los Angeles (NYP) 2 |
| BOTTOM OF THE 8TH |
|
Los Angeles (NYP) Angels batting - Pitching for Connecticut Tigers : RHP Vic Flores
|
|
Pitching: RHP David Esposito
|
|
|
Now at 1B: Dan Crutchfield
|
|
|
Batting: SHB Conor Davies
|
0-0: Called Strike 0-1: Ground out U3 (Groundball, 3L, EV 106.9 MPH)
|
|
Batting: RHB John Beddow
|
0-0: Called Strike 0-1: Called Strike 0-2: Foul Ball, location: 2F 0-2: Ball 1-2: Ground out 3-1 (Groundball, 34, EV 106.3 MPH)
|
|
Batting: RHB Tsega Haida
|
0-0: Called Strike 0-1: SINGLE (Groundball, 6D, EV 100.6 MPH)
|
|
Batting: RHB Steve Hughey
|
0-0: Ball 1-0: Called Strike 1-1: Fly out, F8 (Line Drive, 8RM, EV 94.4 MPH)
|
| Bottom of the 8th over - 0 runs, 1 hit, 0 errors, 1 left on base; Connecticut 5 - Los Angeles (NYP) 2 |
| TOP OF THE 9TH |
|
Connecticut Tigers batting - Pitching for Los Angeles (NYP) Angels : RHP Pete Warren
|
|
Pitching: RHP Chris Petrey
|
|
|
Batting: SHB Sean Foley
|
0-0: Ball 1-0: DOUBLE (Groundball, 3L, EV 94.4 MPH)
|
|
Batting: RHB Tanner Purchase
|
0-0: Called Strike 0-1: Called Strike 0-2: Ball 1-2: Strikes out swinging
|
|
Batting: RHB Brandon O'Malley
|
0-0: Ball 1-0: Ground out 6-3 (Groundball, 56, EV 96.9 MPH)
|
|
Batting: RHB Billy Verdusco
|
0-0: Ball 1-0: Called Strike 1-1: Swinging Strike 1-2: Foul Ball, location: 2F 1-2: Strikes out swinging
|
| Top of the 9th over - 0 runs, 1 hit, 0 errors, 1 left on base; Connecticut 5 - Los Angeles (NYP) 2 |
| BOTTOM OF THE 9TH |
|
Los Angeles (NYP) Angels batting - Pitching for Connecticut Tigers : RHP David Esposito
|
|
Pitching: LHP Chris Thomas
|
|
|
Batting: RHB Steve Hasson
|
0-0: Ball 1-0: Foul Ball, location: 2F 1-1: Called Strike 1-2: Foul Ball, location: 2F 1-2: Ball 2-2: Foul Ball, location: 2F 2-2: Foul Ball, location: 2F 2-2: Strikes out swinging
|
|
Batting: RHB Zach Robbins
|
0-0: Fly out, F8 (Flyball, 8LD, EV 88.8 MPH)
|
|
Batting: RHB Randy Grewe
|
0-0: Ball 1-0: Ball 2-0: Ball 3-0: Called Strike 3-1: Base on Balls
|
|
Batting: RHB Jeff Long
|
0-0: Called Strike 0-1: Foul Ball, location: 2F 0-2: Ball 1-2: Ball 2-2: Strikes out swinging
|
| Bottom of the 9th over - 0 runs, 0 hits, 0 errors, 1 left on base; Connecticut 5 - Los Angeles (NYP) 2 |
|